 Dungeon Crawl Stone Soup version 0.22.1-2-g9c5b331383 (webtiles) character file.

95002 Flure the Unseen (level 15, -3/70 HPs)
             Began as a Spriggan Earth Elementalist on Dec 3, 2018.
             Was the Champion of Dithmenos.
             Slain by an orc warrior
             ... wielding a +0 dire flail
              (20 damage)
             ... on level 2 of the Orcish Mines.
             The game lasted 01:48:57 (22447 turns).

Flure the Unseen (Spriggan Earth Elementalist)     Turns: 22447, Time: 01:48:57

Health: -3/70      AC:  9    Str:  4    XL:     15   Next: 65%
Magic:  17/34      EV: 29    Int: 22    God:    Dithmenos [******]
Gold:   1132       SH:  0    Dex: 22    Spells: 23/43 levels left

rFire    + . .     SeeInvis +   w - +3 dagger (venom)
rCold    + . .     Gourm    .   (shield restricted)
rNeg     . . .     Faith    .   j - +2 robe {rC+ rF+}
rPois    .         Spirit   .   c - +2 hat {MR+}
rElec    .         Reflect  .   D - +2 cloak
rCorr    .         Harm     .   (gloves unavailable)
MR       +++..                  (boots unavailable)
Stlth    ++++++++++             J - amulet of magic regeneration
HPRegen  0.21/turn              B - ring of stealth
MPRegen  0.49/turn              Z - +4 ring of dexterity

@: wreathed by umbra, very quick
A: very small, unfitting armour, see invisible, herbivore, speed 3, slow
metabolism 2
a: Shadow Step, Shadow Form, Renounce Religion


You were on level 2 of the Orcish Mines.
You worshipped Dithmenos.
Dithmenos was exalted by your worship.
You were hungry.

You visited 4 branches of the dungeon, and saw 24 of its levels.
You visited 1 bazaar.
You also visited: Ossuary and Ice Cave.

You collected 1775 gold pieces.
You spent 643 gold pieces at shops.

Inventory:

Hand Weapons
 e - a +3 long sword
 h - a +2 long sword of holy wrath
 w - a +3 dagger of venom (weapon)
Missiles
 b - 134 stones (quivered)
 S - 2 throwing nets
Armour
 c - a +2 hat of magic resistance (worn)
 j - a +2 robe of resistance (worn)
 s - a scarf of cloud immunity
 D - a +2 cloak (worn)
 G - the +1 robe "Keuxtog" {rPois rN+}
   (You bought it in a shop on level 6 of the Dungeon)

   It protects you from poison.
   It protects you from negative energy.
 X - a +2 troll leather armour {Snorg}
Magical Staves
 v - an uncursed staff of energy
Jewellery
 g - an uncursed ring of magical power
 u - an uncursed ring of stealth
 x - an uncursed ring of flight
 B - a ring of stealth (left hand)
 J - an amulet of magic regeneration (around neck)
 K - an uncursed ring of protection from fire
 Z - a +4 ring of dexterity (right hand)
Wands
 f - a wand of random effects (51)
 y - a wand of iceblast (16)
 L - a wand of flame (35)
 P - a wand of acid (46)
 Q - a wand of paralysis (10)
Scrolls
 a - 3 scrolls of immolation
 i - 15 scrolls of remove curse
 m - 14 scrolls of teleportation
 n - 2 scrolls of holy word
 p - 4 scrolls of fog
 q - 2 scrolls of blinking
 r - a scroll of identify
 I - a scroll of enchant weapon
 Y - a scroll of vulnerability
Potions
 k - 2 potions of haste
 l - 2 potions of flight
 o - 5 potions of brilliance
 t - 9 potions of might
 A - 4 potions of magic
 E - 3 potions of heal wounds
 H - 4 potions of agility
 M - a potion of invisibility
 R - 2 potions of resistance
 T - a potion of ambrosia
 V - 12 potions of curing
Miscellaneous
 F - a lightning rod (3/4)
Comestibles
 d - 20 rations


   Skills:
 + Level 4.6 Fighting
 - Level 6.0 Short Blades
 + Level 10.5 Dodging
 + Level 20.8 Stealth
 + Level 14.7 Spellcasting
 - Level 5.0 Charms
 - Level 4.0 Necromancy
 + Level 1.1 Translocations
 - Level 9.1 Transmutations
 * Level 14.2 Earth Magic
 - Level 0.3 Invocations
 + Level 0.9 Evocations


You had 23 spell levels left.
You knew the following spells:

 Your Spells              Type           Power        Failure   Level  Hunger
a - Sandblast             Erth           ######       0%          1    None
b - Passwall              Tmut/Erth      ######..     1%          2    None
c - Petrify               Tmut/Erth      ######..     1%          4    None
d - Lee's Rapid Deconstr  Erth           ######....   1%          5    ###....
e - Regeneration          Chrm/Necr      #####.....   1%          3    None
f - Apportation           Tloc           ###...       2%          1    None
g - Animate Dead          Necr           N/A          7%          4    None

Your spell library contained the following spells:

 Spells                   Type           Power        Failure   Level  Hunger
 Animate Skeleton         Necr           N/A          1%          1    None
 Pain                     Necr           ####         1%          1    None
 Shroud of Golubria       Chrm/Tloc      ####......   1%          2    None
 Song of Slaying          Chrm           #####...     1%          2    None
 Swiftness                Chrm/Air       ####....     1%          2    None
 Stone Arrow              Conj/Erth      #####.       1%          3    None
 Leda's Liquefaction      Hex/Erth       #####.....   1%          4    None
 Vampiric Draining        Necr           ####......   2%          3    None
 Confusing Touch          Hex            ###...       3%          1    None
 Corona                   Hex            ###....      3%          1    None
 Flame Tongue             Conj/Fire      ###..        3%          1    None
 Freeze                   Ice            ###.         3%          1    None
 Summon Small Mammal      Summ           ###.         3%          1    None
 Ensorcelled Hibernation  Hex/Ice        ###...       5%          2    None
 Slow                     Hex            ###.....     5%          2    None
 Throw Flame              Conj/Fire      ###...       5%          2    None
 Portal Projectile        Hex/Tloc       ###...       9%          3    None
 Conjure Flame            Conj/Fire      ###.....     11%         3    None
 Inner Flame              Hex/Fire       ###.....     11%         3    None
 Passage of Golubria      Tloc           N/A          24%         4    None
 Cause Fear               Hex            ###.......   36%         4    None
 Sticky Flame             Conj/Fire      ###.....     36%         4    None
 Throw Icicle             Conj/Ice       ###.....     36%         4    None
 Fireball                 Conj/Fire      ###.......   71%         5    ###....
 Metabolic Englaciation   Hex/Ice        ###.......   71%         5    ###....
 Dispersal                Tloc           ###.......   98%         6    #####..
 Ring of Flames           Chrm/Fire      ####......   100%        7    ######.


Dungeon Overview and Level Annotations

Branches:
Dungeon (15/15)            Temple (1/1) D:4            Lair (6/6) D:10
 Shoals (0/4) Lair:2        Snake (0/4) Lair:2        Slime (0/5) Lair:6
    Orc (2/2) D:12            Elf (0/3) Orc:2        Vaults (0/5) D:14
 Depths (0/5) D:15

Altars:
Ashenzari
Cheibriados
Dithmenos
Elyvilon
Fedhas
Gozag
Hepliaklqana
Kikubaaqudgha
Makhleb
Nemelex Xobeh
Okawaru
Qazlal
Ru
Sif Muna
Trog
Uskayaw
Vehumet
Wu Jian
Xom
Yredelemnul
Zin
The Shining One
Beogh
Jiyva
Lugonu

Shops:
D:5 [   D:6 (*?   D:8 %   Orc:2 (

Annotations:
D:6 3 runed doors, Jynx's ghost, novice SpEn; aaaaaaaaaaaaaaaaaa's ghost, novice TrFi; vasus's ghost, amateur TrMo
Lair:3 3 runed doors, highc0's ghost, journeyman HuWr


Innate Abilities, Weirdness & Mutations

You are very small and have problems with some larger weapons.
You are too small for most types of armour.
You have supernaturally acute eyesight. (SInv)
You are a herbivore.
You cover ground extremely quickly.
You need to consume almost no food.


Message History

Aiming: Sandblast (safe; 0% risk of failure)
Press: ? - help, Shift-Dir - straight line, f/p - orc warrior
Aim: an orc warrior, wielding a dire flail and wearing a chain mail (black The blast of sand hits the orc warrior.
The orc warrior is lightly wounded.
b - 135 stones The orc warrior hits you with a dire flail!
* * * LOW HITPOINT WARNING * * *
Your orc priest zombie barely misses the orc warrior.
An orc knight comes into view. It is wielding a halberd.
Your orc priest zombie completely misses the orc warrior.
Casting: Sandblast (safe; 0% risk of failure)
Confirm with . or Enter, or press ? or * to list all spells.
Aiming: Sandblast (safe; 0% risk of failure)
Press: ? - help, Shift-Dir - straight line, f/p - orc warrior
Aim: an orc warrior, wielding a dire flail and wearing a chain mail (black The blast of sand misses the orc warrior.
b - 134 stones The orc warrior hits you with a dire flail!!
You die...

# ##* ## #*##.#* ### ##. ***
##.#...# ##.####.. ***.**
#......# #....##..
*,,..*##..##..### ##.......
,,,,#.#.........###### ####..Z..
,,,*......#.§§...#.#.####.#.Z....
,,,.#.#$...(§§§§@((...##......Z..
,,,#.........§§o.................
,,,.........§§Z§§..#......#...<.#
,*,...o...#.§§Z§.........##......
,,,.........)§Z)..........###.#..
,*,..$.......†((..).......# ####.
***#..........))...).....## #...
***##..........).).......# *#..
*,**####..#.....#..####..#* ###..


You could see an orc warrior, a friendly orc warrior zombie, a friendly orc
priest zombie and a friendly orc knight zombie.

Vanquished Creatures
  Gastronok (Lair:2)
  Kirke (D:14)
  A frost giant (IceCv)
  An orc warlord (Orc:2)
  Azrael (D:14)
  Snorg (D:13)
  7 hydras
  Erolcha (D:10)
  4 vault guards (D:14)
  6 centaur warriors
  7 two-headed ogres
  An orc high priest (Orc:2)
  A death yak (Lair:5)
  An ogre mage (D:15)
  Urug (Lair:2)
  Nergalle (Lair:1)
  3 unseen horrors
  7 orc knights
  Pikel (D:3)
  2 deep elf magi (D:15)
  5 ugly things
  8 orc sorcerers
  6 oklob plants
  7 cyclopes
  2 manticores
  2 ice statues (IceCv)
  3 black mambas
  A naga mage (D:15)
  A torpor snail (Lair:5)
  2 gargoyles (D:14)
  22 spiny frogs
  4 rime drakes
  6 komodo dragons
  4 trolls
  Grinder (D:4)
  16 polar bears
  A hornet (shapeshifter) (D:9)
  A hornet (D:12)
  3 tyrant leeches (Lair:6)
  5 slime creatures (D:11)
  4 dream sheep (Lair:5)
  A centaur simulacrum (D:15)
  13 hippogriffs
  20 blink frogs
  A shadow (D:12)
  Sigmund (D:4)
  A wraith (D:13)
  23 yaks
  2 vampires
  3 fire elementals (D:14)
  3 wyverns
  Eustachio (D:5)
  4 hogs (D:14)
  Grum (D:8)
  3 basilisks
  2 steam dragons
  7 vampire mosquitoes
  5 hungry ghosts
  Menkaure (D:4)
  4 wargs
  2 nagas (Lair:2)
  5 hell hounds (D:14)
  4 soldier ants
  15 water moccasins
  2 floating eyes (D:11)
  9 porcupines
  A sky beast (D:14)
  19 orc warriors
  2 black bears
  6 ice beasts
  4 phantoms
  A slave (D:3)
  8 ogres
  26 wolves
  10 centaurs
  8 crocodiles
  28 bullfrogs
  5 big kobolds
  A wyvern zombie (D:9)
  A gnoll sergeant (D:12)
  6 water moccasin zombies (Ossuary)
  2 wyvern skeletons
  8 scorpions
  14 wights
  4 howler monkeys
  2 electric eels (Lair:6)
  5 crimson imps
  4 centaur zombies
  A bullfrog zombie (D:8)
  9 hounds
  5 jellies
  17 orc priests
  4 iguanas
  14 orc wizards
  4 bullfrog skeletons
  2 centaur skeletons
  Ijyb (D:3)
  Natasha (thrice) (D:3)
  11 worker ants
  4 big kobold zombies (Ossuary)
  A hound zombie (D:5)
  2 small abominations (D:9)
  2 mummies (Ossuary)
  A worker ant zombie (D:7)
  8 gnolls
  12 adders
  A shadow imp (D:7)
  2 adder skeletons
  7 adder zombies
  A worm (D:3)
  2 dart slugs (D:1)
  7 leopard geckos
  51 orcs
  2 ball pythons
  4 giant cockroaches
  8 goblins
  9 hobgoblins
  14 jackals
  6 quokkas
  8 bats
  3 frilled lizards
  3 gnoll zombies
  4 hobgoblin zombies (Ossuary)
  28 kobolds
  7 kobold zombies (Ossuary)
  4 orc zombies (Ossuary)
  12 rats
  A fungus (Lair:2)
736 creatures vanquished.

Vanquished Creatures (collateral kills)
  2 spiny frogs (Lair:6)
  2 polar bears (IceCv)
  4 blink frogs (Lair:6)
  A yak (IceCv)
  A vampire mosquito (Lair:6)
  A warg (Orc:2)
  A bullfrog (Lair:6)
  An electric eel (Lair:6)
  An orc wizard (Orc:2)
14 creatures vanquished.

Vanquished Creatures (others)
  2 slaves
  An adder (D:6)
  An orc (D:4)
  A kobold (D:14)
  4 fungi
  32 plants
  2 withered plants (D:6)
43 creatures vanquished.

Grand Total: 793 creatures vanquished

Notes
Turn   | Place    | Note
-------+----------+-------------------------------------------
     0 | D:1      | Flure the Spriggan Earth Elementalist began the quest for
                  | the Orb.
     0 | D:1      | Reached XP level 1. HP: 9/9 MP: 5/5
   424 | D:1      | Reached XP level 2. HP: 9/13 MP: 5/7
   706 | D:1      | Learned a level 2 spell: Passwall
   941 | D:1      | Reached XP level 3. HP: 16/16 MP: 8/8
  1245 | D:2      | Found a burning altar of Makhleb.
  1308 | D:2      | Found a basalt altar of Yredelemnul.
  1439 | D:2      | Found a deep blue altar of Sif Muna.
  1440 | D:2      | Found an ancient bone altar of Kikubaaqudgha.
  1440 | D:2      | Found a radiant altar of Vehumet.
  1445 | D:2      | Identified Sif Muna's Grimoire of Dislocation
  1930 | D:3      | Reached XP level 4. HP: 21/21 MP: 7/10
  1951 | D:3      | Reached skill level 1 in Short Blades
  2435 | D:3      | Noticed Natasha
  2441 | D:3      | Killed Natasha
  2441 | D:3      | Reached skill level 4 in Stealth
  2603 | D:3      | Noticed Natasha
  2621 | D:3      | Noticed Ijyb
  2623 | D:3      | Killed Natasha
  2623 | D:3      | Reached XP level 5. HP: 24/24 MP: 7/12
  2649 | D:3      | Killed Ijyb
  2941 | D:4      | Noticed Pikel
  2941 | D:4      | Noticed a slave
  2941 | D:4      | Noticed a slave
  2941 | D:4      | Noticed a slave
  2945 | D:3      | Killed a slave
  3021 | D:3      | Noticed Natasha
  3026 | D:3      | Killed Pikel
  3026 | D:3      | Reached skill level 6 in Stealth
  3026 | D:3      | Reached skill level 5 in Spellcasting
  3026 | D:3      | Reached XP level 6. HP: 28/28 MP: 10/15
  3026 | D:3      | Reached XP level 7. HP: 32/32 MP: 10/16
  3031 | D:3      | Killed Natasha
  3078 | D:4      | Reached skill level 7 in Stealth
  3167 | D:4      | Found a staircase to the Ecumenical Temple.
  3171 | Temple   | Entered the Ecumenical Temple
  3531 | D:4      | Noticed Grinder
  3561 | D:4      | Killed Grinder
  3561 | D:4      | Reached XP level 8. HP: 6/37 MP: 9/18
  3875 | D:4      | Reached skill level 5 in Earth Magic
  3946 | D:4      | Noticed Sigmund
  3954 | D:4      | Killed Sigmund
  3954 | D:4      | Reached skill level 1 in Fighting
  3954 | D:4      | Reached skill level 8 in Stealth
  3986 | D:4      | Noticed Menkaure
  4013 | D:4      | Killed Menkaure
  4217 | D:5      | Entered Level 5 of the Dungeon
  4289 | D:5      | Found a sacrificial altar of Ru.
  4289 | D:5      | Found a shadowy altar of Dithmenos.
  4293 | D:5      | Became a worshipper of Dithmenos the Shadowed
  4361 | D:5      | Found an opulent altar of Gozag.
  4387 | D:5      | Noticed Eustachio
  4390 | D:5      | Killed Eustachio
  4534 | D:5      | Found Buotzuot's Antique Armour Shop.
  4565 | D:5      | Reached skill level 9 in Stealth
  4975 | D:6      | Found Zeweusak's Assorted Antiques.
  5006 | D:6      | Bought a warped robe for 142 gold pieces
  5006 | D:6      | Bought a scroll labeled MIKASHR OS BEU for 25 gold pieces
  5006 | D:6      | Bought an inky potion for 22 gold pieces
  5006 | D:6      | Bought a viscous yellow potion for 22 gold pieces
  5006 | D:6      | Bought a scroll labeled RASHRO RESUC for 25 gold pieces
  5023 | D:6      | Found Kuihygos's Magic Scroll Emporium.
  5043 | D:6      | Reached * piety under Dithmenos
  5043 | D:6      | Reached XP level 9. HP: 41/41 MP: 16/22
  5143 | D:6      | Found a runed gate.
  5144 | D:6      | Found a runed gate.
  5155 | D:6      | Found a runed gate.
  5156 | D:6      | Noticed aaaaaaaaaaaaaaaaaa's ghost (novice TrFi)
  5157 | D:6      | Noticed Jynx's ghost (novice SpEn)
  5158 | D:6      | Noticed vasus's ghost (amateur TrMo)
  5233 | D:6      | Found a sand-covered staircase.
  5245 | Ossuary  | Entered an ossuary
  5284 | Ossuary  | Reached skill level 10 in Stealth
  5350 | Ossuary  | Reached skill level 5 in Dodging
  5482 | Ossuary  | Identified the +1 robe "Keuxtog" {rPois rN+} (You bought it
                  | in a shop on level 6 of the Dungeon)
  5532 | Ossuary  | Reached ** piety under Dithmenos
  5736 | D:6      | Bought a scroll of teleportation for 36 gold pieces
  5752 | D:6      | Bought a scroll labeled XEYNOUDAIM for 25 gold pieces
  5752 | D:6      | Bought a scroll labeled RUITEF NIYBAN for 25 gold pieces
  5752 | D:6      | Bought a scroll labeled XEYNOUDAIM for 25 gold pieces
  5839 | D:6      | Found Qeox's Weapon Shop.
  6150 | D:7      | Learned a level 4 spell: Petrify
  6156 | D:7      | Learned a level 5 spell: Lee's Rapid Deconstruction
  6776 | D:7      | Found a shimmering altar of Xom.
  7020 | D:6      | Bought a scroll labeled XEYNOUDAIM for 25 gold pieces
  7020 | D:6      | Bought an emerald potion for 22 gold pieces
  7020 | D:6      | Bought a scroll labeled UMANWE ZOIDIAC for 25 gold pieces
  7072 | D:8      | Reached skill level 11 in Stealth
  7143 | D:8      | Found Rotam's Food Shoppe.
  7275 | D:8      | Reached XP level 10. HP: 47/47 MP: 21/23
  7286 | D:8      | Reached *** piety under Dithmenos
  7556 | D:8      | Noticed Grum
  7587 | D:8      | Killed Grum
  8107 | D:9      | Found a corrupted altar of Lugonu.
  8130 | D:9      | Reached skill level 12 in Stealth
  8417 | D:10     | Entered Level 10 of the Dungeon
  8433 | D:10     | Noticed Erolcha
  8444 | D:10     | Killed Erolcha
  8510 | D:10     | Reached **** piety under Dithmenos
  8618 | D:10     | Reached skill level 13 in Stealth
  8942 | D:10     | Found a staircase to the Lair.
  9139 | D:10     | Reached XP level 11. HP: 53/53 MP: 22/24
  9297 | D:11     | Noticed an unseen horror
  9300 | D:11     | Killed an unseen horror
  9300 | D:11     | Reached skill level 14 in Stealth
  9613 | D:9      | Found a transporter.
  9620 | D:9      | Noticed a brown ugly thing
  9621 | D:9      | Noticed a white ugly thing
  9622 | D:9      | Noticed a white ugly thing
  9623 | D:9      | Found a transporter.
  9631 | D:9      | Noticed a white ugly thing
  9632 | D:9      | Killed a white ugly thing
  9858 | Lair:1   | Entered Level 1 of the Lair of Beasts
  9965 | Lair:1   | Identified the Almanac of Frigorific Boosts
 10126 | Lair:1   | Reached skill level 10 in Dodging
 10172 | Lair:1   | Reached skill level 5 in Short Blades
 10352 | Lair:1   | Reached skill level 5 in Transmutations
 10374 | Lair:1   | Noticed Nergalle
 10413 | Lair:1   | Killed Nergalle
 10413 | Lair:1   | Reached skill level 15 in Stealth
 10413 | Lair:1   | Reached skill level 10 in Earth Magic
 11131 | Lair:2   | Noticed Urug
 11231 | Lair:2   | Noticed Gastronok
 11249 | Lair:2   | Found a staircase to the Shoals.
 11253 | Lair:2   | Killed Gastronok
 11253 | Lair:2   | Reached XP level 12. HP: 19/58 MP: 16/25
 11276 | Lair:2   | Found a staircase to the Snake Pit.
 11481 | Lair:2   | Killed Urug
 11537 | Lair:2   | Noticed an eight-headed hydra
 11542 | Lair:2   | Killed an eight-headed hydra
 11542 | Lair:2   | Reached skill level 16 in Stealth
 12164 | Lair:3   | Learned a level 3 spell: Regeneration
 12166 | Lair:3   | Learned a level 1 spell: Apportation
 12408 | Lair:3   | Reached skill level 1 in Charms
 12663 | Lair:3   | Found a runed gate.
 12663 | Lair:3   | Found a runed gate.
 12664 | Lair:3   | Found a runed gate.
 12665 | Lair:3   | Noticed highc0's ghost (journeyman HuWr)
 12988 | Lair:3   | Got a bone trident
 13286 | Lair:4   | Noticed a four-headed hydra
 13286 | Lair:4   | Noticed a four-headed hydra
 13327 | Lair:4   | Noticed a four-headed hydra
 13344 | Lair:4   | Killed a four-headed hydra
 13346 | Lair:4   | Killed a four-headed hydra
 13346 | Lair:4   | Reached skill level 5 in Charms
 13359 | Lair:4   | Killed a four-headed hydra
 13359 | Lair:4   | Reached XP level 13. HP: 61/61 MP: 15/27
 13421 | Lair:4   | Reached skill level 17 in Stealth
 13753 | Lair:4   | Reached skill level 1 in Necromancy
 13834 | Lair:4   | Reached skill level 1 in Translocations
 14239 | Lair:5   | Reached skill level 10 in Spellcasting
 14893 | Lair:6   | Entered Level 6 of the Lair of Beasts
 14931 | Lair:6   | Found a viscous altar of Jiyva.
 14931 | Lair:6   | Found a staircase to the Slime Pits.
 15044 | Lair:6   | Found a frozen archway.
 15310 | Lair:6   | Learned a level 4 spell: Animate Dead
 15482 | IceCv    | Entered an ice cave
 15492 | IceCv    | Reached skill level 18 in Stealth
 15737 | IceCv    | Noticed a frost giant
 15753 | IceCv    | Killed a frost giant
 15826 | IceCv    | Reached XP level 14. HP: 65/66 MP: 15/30
 16043 | Lair:6   | Reached ***** piety under Dithmenos
 16401 | Lair:6   | Identified the Collected Works on the Dislocated Glacier
 16409 | Lair:6   | Got a dazzling war axe
 16411 | Lair:6   | Lost strength.
 16411 | Lair:6   | Identified the +5 war axe of Cumoof {drain, rElec rN+ MR+
                  | Str-5} (You found it on level 6 of the Lair of Beasts)
 17229 | D:11     | Paralysed by a floating eye for 4 turns
 18287 | D:12     | Found a staircase to the Orcish Mines.
 18312 | D:12     | Found a roughly hewn altar of Beogh.
 18889 | D:13     | Reached skill level 19 in Stealth
 19117 | D:13     | Noticed Snorg
 19121 | D:13     | Killed Snorg
 19878 | D:14     | Noticed Azrael
 19906 | D:14     | Killed Azrael
 20010 | D:14     | Noticed Kirke
 20031 | D:14     | Noticed a sphinx
 20038 | D:14     | Killed Kirke
 20297 | D:14     | Reached XP level 15. HP: 70/70 MP: 17/33
 20382 | D:14     | Found a gate to the Vaults.
 20806 | D:15     | Entered Level 15 of the Dungeon
 21130 | D:15     | Reached skill level 20 in Stealth
 21408 | D:15     | Found a staircase to the Depths.
 21506 | Orc:1    | Entered Level 1 of the Orcish Mines
 21555 | Orc:2    | Entered Level 2 of the Orcish Mines
 21585 | Orc:2    | Found a flickering gateway to a bazaar.
 21600 | Orc:2    | Found Zyekluo's Weapon Shoppe.
 21610 | Bazaar   | Entered a bazaar
 21614 | Bazaar   | Found Robarask's Jewellery Boutique.
 21632 | Bazaar   | Found Ostroteos's Armour Emporium.
 21659 | Bazaar   | Found Gomoekuesih's Antique Armour Shoppe.
 21676 | Bazaar   | Found Fitetug's Book Boutique.
 21729 | Bazaar   | Bought an embroidered scarf for 224 gold pieces
 21957 | Orc:2    | Found a staircase to the Elven Halls.
 21986 | Orc:2    | Noticed an orc warlord
 22009 | Orc:2    | Killed an orc warlord
 22200 | Orc:2    | Reached ****** piety under Dithmenos
 22447 | Orc:2    | Slain by an orc warrior

Skill      XL: |  1  2  3  4  5  6  7  8  9 10 11 12 13 14 15 |
---------------+----------------------------------------------+-----
Earth Magic    | 3 4 6 7 8 10 11 12 13 14 | 14.2
Spellcasting   | 3 4 5 6 8 9 11 13 14 | 14.7
Short Blades   | 1 2 3 4 5 6 |  6.0
Transmutations | 2 3 4 5 7 8 9 |  9.1
Stealth        | 4 6 7 9 11 13 15 16 18 19 20 | 20.8
Dodging        | 4 6 8 10 | 10.5
Fighting       | 1 2 4 |  4.6
Charms         | 5 |  5.0
Necromancy     | 3 4 |  4.0
Translocations | 1 |  1.1
Invocations    | |  0.3
Evocations     | |  0.9

Action                   |  1- 3 |  4- 6 |  7- 9 | 10-12 | 13-15 || total
-------------------------+-------+-------+-------+-------+-------++-------
Melee: Dagger            |   114 |    46 |   183 |   283 |   563 ||  1189
       Staff             |       |       |       |       |     1 ||     1
 Cast: Sandblast         |    30 |    16 |   147 |   124 |   236 ||   553
       Passwall          |     8 |    13 |    20 |    43 |    36 ||   120
       Lee's Rapid Decon |       |       |       |    11 |    59 ||    70
       Petrify           |       |       |       |    24 |    80 ||   104
       Apportation       |       |       |       |     3 |     2 ||     5
       Animate Dead      |       |       |       |       |     9 ||     9
       Regeneration      |       |       |       |       |    13 ||    13
Invok: Shadow Step       |       |       |       |     6 |    14 ||    20
 Abil: Evoke Flight      |       |       |       |       |     1 ||     1
Evoke: Wand              |       |       |       |     2 |    40 ||    42
       Staff of energy   |       |       |       |       |     4 ||     4
       Lightning rod     |       |       |       |       |     2 ||     2
  Use: Scroll            |       |       |       |    24 |    14 ||    38
       Potion            |       |       |       |       |     4 ||     4
 Stab: Sleeping          |    10 |    17 |    48 |    76 |   117 ||   268
       Distracted        |     1 |     1 |     1 |     3 |     4 ||    10
       Petrified         |       |       |       |    15 |    49 ||    64
       Petrifying        |       |       |       |     1 |     8 ||     9
  Eat: Ration            |       |       |     2 |     5 |     9 ||    16
Armor: Robe              |    15 |     2 |    11 |    20 |    40 ||    88
       Troll leather arm |       |       |       |       |     1 ||     1
Dodge: Dodged            |   108 |    19 |   183 |   276 |   618 ||  1204
